AoeStats
← AdoreIvy8841

Arabia

509966908Analyzed
1v1 RM · 4d ago on Sep 28, 2026· 19m 19s· 2 players
Game mode
Random Map
Map size
Tiny (2 player)
Population
200
Speed
Normal
Resources
Standard
Victory
Conquest
Starting age
Dark Age
Ending age
Imperial Age
RankedLock teamsTeams togetherTeam positionsShared explorationLock speedFull tech treeHidden civsTurbo modeCheats
Victory
Defeat
🇲🇽 Mongols · Mexico
1149
+16
🇪🇸 Huns · Spain
1139
-16
Erix Rifter
6:47 Loom
9:55 Feudal Age
18:45 Double-Bit Axe
AdoreIvy8841
5:03 Loom
7:45 Feudal Age
8:14 Double-Bit Axe
8:57 Double-Bit Axe
17:14 Fletching
Connection lost

Rejoining the realm…

Still unreachable

The connection could not be restored.

Session expired

The server has moved on; the page needs a fresh start.